 Dungeon Crawl Stone Soup version 0.17.1-3-g152610e (webtiles) character file.

12017 inmateoo the Grappler (level 11, -8/107 HPs)
             Began as a Troll Arcane Marksman on Mar 7, 2016.
             Was a High Priest of Cheibriados.
             Mangled by an orc knight
             ... wielding a +0 great mace
              (23 damage)
             ... on level 2 of the Orcish Mines.
             The game lasted 00:16:09 (8163 turns).

inmateoo the Grappler (Troll Arcane Marksman)       Turns: 8163, Time: 00:16:09

Health: -8/107     AC: 10    Str: 39    XL:     11   Next: 56%
Magic:  14/21      EV: 16    Int: 22    God:    Cheibriados [*****.]
Gold:   640        SH:  0    Dex: 22    Spells: 0 memorised, 12 levels left

rFire  . . .     SeeInvis .       - Unarmed
rCold  . . .     Clarity  .     u - +1 robe {MR+}
rNeg   . . .     SustAt   .     (no shield)
rPois  .         Gourm    +     (helmet restricted)
rElec  .         Spirit   .     g - +1 cloak
rCorr  .         Warding  .     (gloves unavailable)
rMut   .         Stasis   .     (boots unavailable)
MR     ++...                    (no amulet)
Stlth  ++........               E - ring of magical power
                                e - +2 ring of protection

@: very slow, very resistant to hostile enchantments, unstealthy
A: unfitting armour, claws 3, hooves 1, horns 1, fast metabolism 3, gourmand,
magic resistance 1, regeneration 2, shaggy fur 1, strong 1, tough skin 2
a: Bend Time, Temporal Distortion, Slouch, Step From Time, Renounce Religion


You were on level 2 of the Orcish Mines.
You worshipped Cheibriados.
Cheibriados was extremely pleased with you.
You were full.

You visited 3 branches of the dungeon, and saw 14 of its levels.

You collected 640 gold pieces.

Inventory:

Missiles
 c - 3 large rocks (quivered)
 d - 2 throwing nets
Armour
 g - a +1 cloak (worn)
 u - a +1 robe of magic resistance (worn)
Jewellery
 e - a +2 ring of protection (left claw)
 E - a ring of magical power (right claw)
Wands
 m - a wand of disintegration (17)
 o - a wand of slowing (24)
Scrolls
 q - a scroll of fog
 t - 5 scrolls of remove curse
 w - 2 scrolls of blinking
 y - a scroll of amnesia
 C - 2 scrolls of recharging
 D - a scroll of enchant weapon
 H - 3 scrolls of teleportation
Potions
 j - 2 potions of heal wounds
 k - 2 potions of flight
 l - 7 potions of curing
 n - 2 potions of might
 p - a potion of invisibility
 r - 3 potions of agility
 s - a potion of brilliance {unknown}
 v - a potion of haste
 x - 3 potions of lignification {unknown}
 B - a potion of magic {unknown}
 G - 2 potions of ambrosia
Books
 b - a book of Debilitation

   Spells                             Type                      Level
   a - Corona                         Hexes                        1
   b - Slow                           Hexes                        2
   c - Gell's Gravitas                Hexes/Translocation          3
   d - Inner Flame                    Hexes/Fire                   3
   e - Cause Fear                     Hexes                        4
   f - Leda's Liquefaction            Hexes/Earth                  4
Comestibles
 a - 6 fruits
 f - 2 royal jellies
 h - 10 meat rations
 i - 6 bread rations
 z - 2 beef jerkies
 A - 2 slices of pizza


   Skills:
 + Level 6.9 Fighting
 + Level 6.9 Throwing
 + Level 7.0 Dodging
 * Level 11.8 Unarmed Combat
 - Level 1.0 Spellcasting
   Level 2.0 Hexes
 + Level 3.1 Invocations


You had 12 spell levels left.
You didn't know any spells.

Dungeon Overview and Level Annotations

Branches:
Dungeon (11/15)            Temple (1/1) D:6             Orc (2/4) D:10
   Lair: D:8-11

Altars:
Ashenzari
Cheibriados
Dithmenos
Elyvilon
Fedhas
Gozag
Kikubaaqudgha
Makhleb
Nemelex Xobeh
Okawaru
Qazlal
Ru
Sif Muna
Trog
Vehumet
Xom
Yredelemnul
Zin
The Shining One
Beogh

Shops:
D:6 [

Annotations:
D:8 Prince Ribbit
D:9 kaze's ghost, novice TrBe


Innate Abilities, Weirdness & Mutations

You are too large for most types of armour.
You have claws for hands.
Your metabolism is lightning-fast.
You like to eat raw meat.
You heal very quickly.
You are covered in fur (AC +1).
You have very tough skin (AC +2).
You have large cloven feet.
You have a pair of small horns on your head.
You are resistant to hostile enchantments.
Your muscles are strong. (Str +2)


Message History

You fail to use your ability.
The orc wizard closely misses you. The warg bites you!
You barely miss the warg. You kick the warg, but do no damage.
The warg closely misses you. The orc wizard casts a spell at you.
The puff of frost hits you!
The orc knight hits you with a great mace!!
* * * LOW HITPOINT WARNING * * *
You are too injured to fight recklessly!
You can feel time thicken for a moment.
You kill the orc wizard!
Cheibriados thoroughly appreciates the change of pace.
You feel somewhat less full.
Cheibriados reduces the support of your attributes as your movement quickens.
The warg misses you.
The orc warrior hits you with a hand axe!
* * * LOW HITPOINT WARNING * * *
You fail to use your ability.
The warg barely misses you.
The orc knight hits you with a great mace!!
You die...

###### #....#
##..<## #).(..##
####.....#.# .
##..ho......#
...##...o@........
..)...))o))........
.))....)))#........
.......)).##.......
#........## #....
.........# ....
........). ...
.........). ..
...#.......


You could see an orc knight, a warg and 2 orc warriors.

Vanquished Creatures
  Erolcha (D:10)
  A hill giant (D:10)
  Pikel (D:4)
  An orc knight (Orc:2)
  3 trolls
  Grinder (D:6)
  5 slime creatures (D:8)
  Sigmund (D:5)
  A water elemental (D:11)
  A deep elf mage (D:9)
  2 wyverns
  A hungry ghost (D:10)
  3 hippogriffs
  5 yaks (D:10)
  Menkaure (D:4)
  Edmund (D:6)
  A warg (Orc:2)
  Duvessa (D:4)
  3 ice beasts
  9 orc warriors
  3 sky beasts
  9 ogres
  A phantom (D:3)
  4 centaurs
  Blork the orc (D:4)
  5 giant frogs
  A gnoll sergeant (D:7)
  Dowan (D:4)
  3 killer bees (D:8)
  2 electric eels (D:9)
  6 crimson imps
  2 centaur zombies
  2 giant frog zombies
  Crazy Yiuf (D:6)
  A giant frog skeleton (D:5)
  2 hounds
  17 orc wizards
  6 worker ants
  15 orc priests
  4 iguanas
  2 hound zombies (D:7)
  A hound skeleton (D:10)
  8 gnolls
  13 adders
  3 shadow imps
  An adder skeleton (D:7)
  6 giant geckos
  96 orcs
  8 ball pythons
  7 giant cockroaches
  4 hobgoblins
  6 jackals
  12 bats
  A giant gecko skeleton (D:8)
  8 giant newts
  2 goblins (D:2)
  A jackal skeleton (D:8)
  9 kobolds
  3 quokkas
  9 rats
329 creatures vanquished.

Vanquished Creatures (others)
  3 slaves (D:4)
  An orc wizard (D:4)
  A worker ant (D:4)
  An orc (D:4)
  A ball python skeleton (D:4)
7 creatures vanquished.

Grand Total: 336 creatures vanquished

Notes
Turn   | Place    | Note
--------------------------------------------------------------
     0 | D:1      | inmateoo the Troll Arcane Marksman began the quest for the Orb.
     0 | D:1      | Reached XP level 1. HP: 18/18 MP: 1/1
    50 | D:1      | Reached skill level 1 in Unarmed Combat
   173 | D:1      | Reached XP level 2. HP: 26/26 MP: 2/2
   512 | D:2      | Reached XP level 3. HP: 32/32 MP: 3/3
   625 | D:2      | Reached skill level 3 in Unarmed Combat
   639 | D:2      | Found a white marble altar of Elyvilon.
   672 | D:2      | Reached XP level 4. HP: 32/40 MP: 4/4
   787 | D:2      | Reached skill level 4 in Unarmed Combat
  1145 | D:3      | Reached XP level 5. HP: 43/46 MP: 5/5
  1229 | D:3      | Reached skill level 1 in Fighting
  1320 | D:3      | Noticed a phantom
  1331 | D:3      | Killed a phantom
  1331 | D:3      | Reached skill level 5 in Unarmed Combat
  1446 | D:3      | Found a faded altar to an unknown god.
  1685 | D:4      | Noticed Duvessa
  1689 | D:4      | Noticed Dowan
  1693 | D:4      | Killed Duvessa
  1693 | D:4      | Reached XP level 6. HP: 57/57 MP: 6/6
  1703 | D:4      | Killed Dowan
  1849 | D:4      | Noticed a slave
  1850 | D:4      | Noticed a slave
  1850 | D:4      | Noticed a slave
  1851 | D:4      | Noticed Pikel
  1851 | D:4      | Noticed a slave
  1898 | D:4      | Killed Pikel
  1898 | D:4      | Reached skill level 6 in Unarmed Combat
  1898 | D:4      | Reached XP level 7. HP: 48/67 MP: 7/7
  1924 | D:4      | Noticed Blork the orc
  1928 | D:4      | Killed Blork the orc
  1960 | D:4      | Reached XP level 8. HP: 59/78 MP: 8/8
  2017 | D:4      | Killed a freed slave
  2149 | D:4      | Killed a freed slave
  2271 | D:4      | Reached skill level 7 in Unarmed Combat
  2272 | D:4      | Found a glowing golden altar of the Shining One.
  2392 | D:4      | Killed a freed slave
  2542 | D:4      | Noticed Menkaure
  2543 | D:4      | Killed Menkaure
  2610 | D:5      | Entered Level 5 of the Dungeon
  3041 | D:5      | Noticed Sigmund
  3047 | D:5      | Killed Sigmund
  3079 | D:5      | Found a basalt altar of Yredelemnul.
  3272 | D:5      | Reached skill level 8 in Unarmed Combat
  3289 | D:5      | Found a glowing silver altar of Zin.
  3335 | D:6      | Noticed Grinder
  3336 | D:6      | Gained mutation: Your muscles are strong. (Str +2) [mutagenic meat]
  3344 | D:6      | Killed Grinder
  3344 | D:6      | Reached XP level 9. HP: 75/85 MP: 9/9
  3351 | D:6      | Gained mutation: You are resistant to hostile enchantments. [mutagenic meat]
  3352 | D:6      | Gained mutation: You have a pair of small horns on your head. [mutagenic meat]
  3353 | D:6      | Gained mutation: You have large cloven feet. [mutagenic meat]
  3359 | D:6      | Found a staircase to the Ecumenical Temple.
  3382 | Temple   | Entered the Ecumenical Temple
  3462 | D:6      | Found a shattered altar of Ashenzari.
  3483 | D:6      | Reached skill level 5 in Dodging
  3516 | D:6      | Found Vaux Yti's Antique Armour Shoppe.
  3639 | D:6      | Noticed Crazy Yiuf
  3647 | D:6      | Killed Crazy Yiuf
  3728 | D:6      | Noticed Edmund
  3738 | D:6      | Killed Edmund
  3816 | D:6      | Reached skill level 5 in Fighting
  3947 | D:7      | Reached skill level 9 in Unarmed Combat
  4018 | D:7      | Found a snail-covered altar of Cheibriados.
  4029 | D:7      | Became a worshipper of Cheibriados the Contemplative
  4253 | D:7      | Found a shimmering altar of Xom.
  4253 | D:7      | Found a shimmering altar of Xom.
  4284 | D:7      | Found a shimmering altar of Xom.
  4287 | D:7      | Found a shimmering altar of Xom.
  4287 | D:7      | Found a shimmering altar of Xom.
  4287 | D:7      | Found a shimmering altar of Xom.
  4443 | D:7      | Reached * piety under Cheibriados
  4490 | D:7      | HP: 4/88 [centaur (4)]
  4848 | D:8      | Reached skill level 5 in Throwing
  4852 | D:8      | Reached XP level 10. HP: 38/96 MP: 10/10
  4858 | D:8      | Reached skill level 10 in Unarmed Combat
  4979 | D:8      | Reached ** piety under Cheibriados
  5683 | D:8      | Noticed Prince Ribbit
  5788 | D:9      | Noticed kaze's ghost (novice TrBe)
  5976 | D:9      | Reached *** piety under Cheibriados
  6091 | D:10     | Entered Level 10 of the Dungeon
  6268 | D:10     | Noticed Erolcha
  6274 | D:10     | Killed Erolcha
  6274 | D:10     | Reached skill level 11 in Unarmed Combat
  6274 | D:10     | Reached skill level 1 in Invocations
  6296 | D:10     | Found a staircase to the Orcish Mines.
  6330 | D:10     | Reached XP level 11. HP: 107/107 MP: 11/11
  6442 | D:10     | Reached **** piety under Cheibriados
  6522 | D:10     | Noticed a hill giant
  6530 | D:10     | Killed a hill giant
  7073 | Orc:1    | Entered Level 1 of the Orcish Mines
  7196 | Orc:1    | Reached ***** piety under Cheibriados
  7231 | Orc:1    | Found a roughly hewn altar of Beogh.
  7626 | Orc:1    | Found a roughly hewn altar of Beogh.
  8102 | Orc:1    | Reached ****** piety under Cheibriados
  8163 | Orc:2    | Mangled by an orc knight

Action                   |  1- 3 |  4- 6 |  7- 9 | 10-12 || total
-------------------------+-------+-------+-------+-------++-------
Melee: Unarmed           |   124 |   156 |   279 |   354 ||   913
Throw: Large rock        |       |     4 |     7 |       ||    11
       Throwing net      |       |     8 |       |       ||     8
Invok: Slouch            |       |       |       |     2 ||     2
  Use: Scroll            |     6 |     2 |     9 |     7 ||    24
       Potion            |       |       |     2 |     1 ||     3
 Stab: Held in net/web   |       |     4 |       |       ||     4
       Invisible         |       |       |     3 |     3 ||     6
       Sleeping          |       |       |       |     1 ||     1
  Eat: Chunk             |     8 |    12 |    30 |    24 ||    74
       Bread ration      |     1 |       |       |       ||     1
